 Dungeon Crawl Stone Soup version 0.23.2-40-g277498a001 (webtiles) character file.

Game seed: 9031546949036564524

53 FishyPogo the Conjurer (level 3, -3/29 HPs)
             Began as a Draconian Conjurer on Aug 13, 2019.
             Slain by a gnoll
             ... wielding a +0 spear
              (6 damage)
             ... on level 3 of the Dungeon.
             The game lasted 00:08:30 (1886 turns).

FishyPogo the Conjurer (Draconian Conjurer)         Turns: 1886, Time: 00:08:31

Health: -3/29      AC:  7    Str: 10    XL:     3   Next: 62%
Magic:  3/6        EV: 12    Int: 16    God:
Gold:   128        SH:  0    Dex: 11    Spells: 6/7 levels left

rFire    . . .     SeeInvis .   e - +0 spear
rCold    . . .     Gourm    .   (no shield)
rNeg     . . .     Faith    .   (armour unavailable)
rPois    .         Spirit   .   (helmet restricted)
rElec    .         Reflect  .   t - +0 cloak
rCorr    .         Harm     .   d - +0 pair of gloves
MR       .....                  (no boots)
Stlth    ++........             (no amulet)
HPRegen  0.09/turn              a - ring of flight
MPRegen  0.10/turn              (no ring)

@: no status effects
A: unfitting armour, cold-blooded, AC +5
a: Evoke Flight


You were on level 3 of the Dungeon.
You were not hungry.

You visited 1 branch of the dungeon, and saw 3 of its levels.

You collected 128 gold pieces.

Inventory:

Hand Weapons
 e - a +0 spear (weapon)
Missiles
 c - 105 stones (quivered)
Armour
 d - a +0 pair of gloves (worn)
 t - a +0 cloak (worn)
Jewellery
 a - a ring of flight (left hand)
Scrolls
 f - a scroll of fear {unknown}
 h - 2 scrolls of identify {unknown}
 j - a scroll of enchant armour {unknown}
 k - a scroll of teleportation {unknown}
 l - a scroll of immolation {unknown}
 m - 2 scrolls of remove curse {unknown}
 n - a scroll of noise {unknown}
 o - a scroll of enchant weapon {unknown}
 v - a scroll of fog {unknown}
Potions
 g - a potion of haste {unknown}
 i - a potion of agility {unknown}
 p - a potion of heal wounds {unknown}
 q - a potion of brilliance {unknown}
 r - a potion of lignification {unknown}
 s - 3 potions of ambrosia {unknown}
Comestibles
 b - 2 rations
 u - 8 chunks of flesh


   Skills:
 + Level 1.7 Fighting
 - Level 2.0 Dodging
 - Level 2.0 Stealth
 + Level 2.5 Spellcasting
 + Level 4.4 Conjurations


You had 6 spell levels left.
You knew the following spells:

 Your Spells              Type           Power        Failure   Level  Hunger
a - Magic Dart            Conj           ###.         3%          1    #......

Your spell library contained the following spells:

 Spells                   Type           Power        Failure   Level  Hunger
 Searing Ray              Conj           ###...       4%          2    ##.....
 Dazzling Spray           Conj/Hex       #.....       24%         3    ###....
 Iskenderun's Mystic Bla  Conj           ###.....     30%         4    #####..
 Force Lance              Conj/Tloc      #.......     61%         4    #####..
 Fulminant Prism          Conj/Hex       #.........   61%         4    #####..


Dungeon Overview and Level Annotations

Branches:
Dungeon (3/15)

Altars:
Fedhas
Wu Jian


Innate Abilities, Weirdness & Mutations

Your plain brown scales are hard. (AC +5)
You cannot fit into any form of body armour.
You are cold-blooded and may be slowed by cold attacks.


Message History

The gnoll completely misses you. The gnoll hits you but does no damage.
Attack whom?
Press: ? - help, Dir - move target cursor, f/p - gnoll
Aim: a gnoll, wielding a +0 spear (severely wounded)
You reach to attack!
You hit the gnoll but do no damage.
The gnoll is severely wounded.
The gnoll hits you with a +0 whip.
* * * LOW HITPOINT WARNING * * *
The gnoll closely misses you.
Casting: Magic Dart (safe; 3% risk of failure)
Confirm with . or Enter, or press ? or * to list all spells.
Aiming: Magic Dart (safe; 3% risk of failure)
Press: ? - help, Shift-Dir - straight line, f/p - gnoll
Aim: a gnoll, wielding a +0 spear (severely wounded)
The magic dart hits the gnoll.
The gnoll is moderately wounded.
The gnoll hits you with a +0 whip.
* * * LOW HITPOINT WARNING * * *
The gnoll hits you from afar with a +0 spear.
You die...

♣♣P#'#♣.♣♣.♣.P...
♣.P.#♣.♣♣...≈♣§♣.
###P.♣P.P.)..♣P§P..
#......#.....§P.§..
#..♣♣..#♣......♣...
#.....#..#÷........
#†g........#......#
#.g.....###########
#.@..#### #....#
######


You could see 2 gnolls.

Vanquished Creatures
  An adder (D:2)
  A worm (D:2)
  2 leopard geckos (D:2)
  3 orcs (D:3)
  3 giant cockroaches
  2 goblins
  2 hobgoblins (D:2)
  4 jackals
  5 kobolds
  3 quokkas
  A ball python (D:2)
  2 bats (D:1)
  A frilled lizard (D:1)
  5 rats
35 creatures vanquished.

Notes
Turn   | Place    | Note
-------+----------+-------------------------------------------
     0 | D:1      | FishyPogo the Draconian Conjurer began the quest for the
                  | Orb.
     0 | D:1      | Reached XP level 1. HP: 14/14 MP: 3/3
   567 | D:1      | Reached XP level 2. HP: 20/22 MP: 3/5
   992 | D:2      | Found an ornate altar of the Wu Jian Council.
  1024 | D:2      | Reached skill level 1 in Fighting
  1076 | D:2      | Reached XP level 3. HP: 20/28 MP: 0/6
  1245 | D:2      | Found a blossoming altar of Fedhas.
  1886 | D:3      | Slain by a gnoll

Skill      XL: |  1  2 |
---------------+-------+-----
Stealth        | 2 |  2.0
Dodging        | 2 |  2.0
Fighting       | 1 |  1.7
Spellcasting   | |  2.5
Conjurations   | |  4.4

Action                   || total
-------------------------++-------
Melee: Spear             ||    99
       Unarmed           ||     6
       Tailslap          ||     7
 Cast: Magic Dart        ||    54
 Stab: Sleeping          ||     3
  Eat: Chunk             ||     4
Armor: Skin              ||    24
Dodge: Dodged            ||    67
